Map: Orbital Shipyard

Players

MorN

  • Race: Terran Terran
  • League: Master

Dunmer - Winner!

  • Race: Terran Terran
  • League: Master

VOD

Have the link to the VOD?

Description

Time

  • Played on: Nov. 29, 2015, 8:37 p.m.
  • Length: 6:42
Show
View Real Time Build Order
Export as new Build Order

MorN Terran 

Build Orders: Reaper Expand 

Get SALT Encoding   

  12  0:00  SCV  
  13  0:13  SCV  
  14  0:17  Supply Depot  
  14  0:25  SCV  
  14  0:27  Refinery  
  15  0:41  Barracks  
  15  0:48  SCV  
  16  0:56  Refinery  
  16  1:00  SCV  
  17  1:12  SCV  
  18  1:28  Reaper, Orbital Command  
  19  1:41  Factory  
  19  1:58  Supply Depot  
  19  2:00  Reaper  
  20  2:15  SCV  
  20  2:26  Hellion  
  22  2:35  Reaper  
  23  2:53  Hellion  
  23  2:56  Bunker  
  25  2:58  Bunker  
  25  3:05  SCV, Starport  
  24  3:17  Hellion, Reaper  
  18  4:17  Supply Depot  
  18  4:18  Supply Depot  
  15  4:38  Medivac  
  15  4:39  Hellion  
  19  4:50  Reaper  
  17  5:04  SCV  
  18  5:16  SCV  
  15  5:39  Barracks  
  15  5:45  Command Center  
  15  5:50  Medivac  
  15  5:51  Hellion  
  19  6:06  Supply Depot  
Show
View Real Time Build Order
Export as new Build Order

Dunmer Terran - Winner!

Build Orders:  

Get SALT Encoding   

  12  0:00  SCV  
  13  0:13  SCV  
  14  0:21  Supply Depot  
  14  0:25  SCV  
  15  0:43  SCV  
  15  0:48  Barracks  
  16  0:55  SCV  
  17  1:01  Barracks  
  17  1:10  Barracks  
  17  1:18  SCV  
  18  1:34  Orbital Command  
  18  1:36  Marine  
  19  1:51  Barracks  
  19  1:53  Marine  
  20  2:01  Supply Depot  
  20  2:03  SCV  
  20  2:08  Marine  
  22  2:09  Marine  
  23  2:23  SCV, Marine  
  23  2:25  Marine  
  23  2:26  Marine  
  26  2:40  Marine  
  26  2:43  Marine  
  27  2:44  Marine x2  
  29  2:58  Marine  
  29  3:01  Marine  
  31  3:16  Marine  
  23  3:29  Marine  
  23  3:30  Marine x2  
  16  3:50  Marine x3  
  15  3:57  Marine  
  13  4:07  Marine  
  12  4:18  Marine  
  12  4:19  Marine  
  14  4:31  Marine x2  
  14  4:36  Marine x2  
  14  4:59  Marine x4  
  17  5:03  SCV  
  14  5:16  Marine  
  14  5:17  Marine  
  14  5:18  Marine  
  15  5:24  Marine  
  14  5:36  Marine  
  14  5:37  Marine  
  16  5:53  Marine x2  
  16  5:54  Marine  
  18  5:57  Marine  
  19  6:11  Marine  
Tags
 
Add a new tag
Caveats
  • Supply blocks, unpowered buildings, or Contaminate may cause inaccurate times.
  • Supply counts are checked every 10 seconds.